 Dungeon Crawl Stone Soup version 0.17-a0-1842-gacc33f2 (webtiles) character file.

249 than402 the Covered (level 5, -2/45 HPs)
             Began as a Demigod Fighter on Sept 17, 2015.
             Killed by nerve-wracking pain
             ... invoked by an orc priest
              (11 damage)
             ... on level 4 of the Dungeon.
             The game lasted 00:09:55 (2706 turns).

than402 the Covered (Demigod Fighter)               Turns: 2706, Time: 00:09:55

Health: -2/45      AC:  8    Str: 21    XL:     5   Next: 56%
Magic:  7/7        EV:  7    Int: 12    God:
Gold:   284        SH: 11    Dex: 15    Spells: 0 memorised, 4 levels left

rFire  . . .     SeeInvis .     a - +0 war axe
rCold  . . .     Clarity  .     b - +0 scale mail
rNeg   . . .     SustAt   +     c - +1 shield
rPois  .         Gourm    .     j - +0 helmet
rElec  .         Spirit   .     (no cloak)
rCorr  .         Warding  .     (no gloves)
rMut   .         Stasis   .     (no boots)
MR     .....                    (no amulet)
Stlth  ..........               (no ring)
                                (no ring)

@: not resistant to hostile enchantments, extremely unstealthy
A: high mp 1, sustain attributes
a: no special abilities


You were on level 4 of the Dungeon.
You were not hungry.

You visited 1 branch of the dungeon, and saw 4 of its levels.

You collected 284 gold pieces.

Inventory:

Hand weapons
 a - a +0 war axe (weapon)
Armour
 b - a +0 scale mail (worn)
 c - a +1 shield (worn)
 j - a +0 helmet (worn)
Magical devices
 f - a wand of polymorph (18)
Scrolls
 k - a scroll of teleportation
 l - 4 scrolls of remove curse
 q - a scroll of fear
 r - 5 scrolls of identify
Potions
 d - a potion of might
 g - 2 potions of mutation
 h - 2 potions of haste
 i - 3 potions of agility
 m - a potion of brilliance
 p - 2 potions of magic
Books
 s - a book of the Dragon

   Spells                             Type                      Level
   a - Flame Tongue                   Conjuration/Fire             1
   b - Cause Fear                     Hexes                        4
   c - Bolt of Fire                   Conjuration/Fire             6
   d - Dragon Form                    Transmutation                7
   e - Dragon's Call                  Summoning                    9
Comestibles
 e - 4 bread rations
 n - a fruit
 o - a slice of pizza


   Skills:
 * Level 3.6 Fighting
 * Level 2.4 Axes
 * Level 1.6 Throwing
 * Level 3.8 Armour
 + Level 0.6 Stealth
 * Level 3.8 Shields


You had 4 spell levels left.
You didn't know any spells.

Dungeon Overview and Level Annotations

Branches:
Dungeon (4/15)
 Temple: D:4-7


Innate Abilities, Weirdness & Mutations

You have an increased reservoir of magic (+10% MP).
Your attributes are resistant to harm.


Message History

The orc priest mumbles some strange prayers to Beogh against you.
Something smites you!
* * * LOW HITPOINT WARNING * * *
You hit the orc priest.
The orc priest is heavily wounded.
You block the orc priest's attack.
The orc priest hits you but does no damage.
You hit the orc priest.
The orc priest is heavily wounded.
You block the orc priest's attack.
You hit the orc priest.
The orc priest is severely wounded.
The orc priest hits you with a dagger.
* * * LOW HITPOINT WARNING * * *
The orc priest miscasts a cantrip.
You barely miss the orc priest.
The orc priest is severely wounded.
The orc priest invokes the aid of Beogh against you.
Pain shoots through your body!
You die...

#.##.#..###.# #... .>
......###.# ..
.....##.....##.####...
%... ##....##........
... ..##...a....w.....
. ..s...wwo..osr....
..#####r#####.....
##o# .#... #.@# #...
#.## .. #. #. #. #. ..
.#


You could see 2 worms, a worker ant, an orc priest, an orc and a rat.

Vanquished Creatures
  A scorpion (D:4)
  A hound (D:4)
  10 adders
  An ooze (D:2)
  3 worms
  5 giant geckos
  2 orcs
  7 hobgoblins
  3 jackals (D:1)
  A quokka (D:4)
  8 bats
  3 giant cockroaches
  5 giant newts
  10 goblins
  3 kobolds
  7 rats
  4 fungi (D:1)
74 creatures vanquished.

Notes
Turn   | Place    | Note
--------------------------------------------------------------
     0 | D:1      | than402 the Demigod Fighter began the quest for the Orb.
     0 | D:1      | Reached XP level 1. HP: 18/18 MP: 3/3
   247 | D:1      | Reached XP level 2. HP: 18/25 MP: 4/4
   261 | D:1      | Reached skill level 3 in Armour
   869 | D:2      | Found an ancient bone altar of Kikubaaqudgha.
   883 | D:2      | Reached XP level 3. HP: 25/31 MP: 5/5
   928 | D:2      | Found a snail-covered altar of Cheibriados.
  1236 | D:2      | Reached skill level 1 in Throwing
  1269 | D:2      | Reached XP level 4. HP: 29/38 MP: 6/6
  2340 | D:3      | Found a sparkling altar of Nemelex Xobeh.
  2340 | D:3      | Found an opulent altar of Gozag.
  2492 | D:4      | Found a basalt altar of Yredelemnul.
  2495 | D:4      | Reached XP level 5. HP: 45/45 MP: 7/7
  2706 | D:4      | Killed from afar by an orc priest

Vault maps used:
D:1:      dpeg_arrival_arbitrary_c, minmay_statues_item,
          minmay_gold_behind_fungi
D:2:      nicolae_overflow_crystal_walls, nicolae_overflow_hidden_temple,
          first_bread, minmay_misc_feat_tiny
D:3:      grunt_temple_overflow_opulence, hangedman_decor_points,
          kennysheep_generic_room_13
D:4:      old_standard_altar, portal_sewer_entry_a

Action                   |  1- 3 |  4- 6 || total
-------------------------+-------+-------++-------
Melee: War axe           |   119 |   117 ||   236
  Use: Scroll            |       |    10 ||    10
  Eat: Chunk             |     1 |     4 ||     5
       Pizza             |       |     1 ||     1
